 Dungeon Crawl Stone Soup version 0.26.1-10-gdfb7c7de75 (webtiles) character file.

Game seed: 14220353436475278732

15164 Almogavar the Basher (level 12, -12/75 HPs)
             Began as a Gargoyle Fighter on Apr 11, 2021.
             Was a High Priest of Okawaru.
             Hit by a large rock thrown by a cyclops (26 damage)
             ... on level 11 of the Dungeon.
             The game lasted 00:29:32 (11449 turns).

Almogavar the Basher (Gargoyle Fighter)            Turns: 11449, Time: 00:29:32

Health: -12/75     AC: 20    Str: 23    XL:     12   Next: 24%
Magic:  13/13      EV: 12    Int: 20    God:    Okawaru [*****.]
Gold:   671        SH: 17    Dex: 13    Spells: 11/11 levels left

rFire    x . .     SeeInvis .   B - +1 morningstar (drain)
rCold    . . .     Faith    .   c - +0 kite shield
rNeg     + . .     Spirit   .   m - +1 scale mail of the Mind {Rampage rF- Int+9 Dex+4}
rPois    ∞         Reflect  +   (no helmet)
rElec    +         Harm     .   z - +0 cloak of Shadows and Fog {rElec rCorr Stlth+}
rCorr    +         Rampage  +   r - +0 pair of gloves
Will     +....                  (no boots)
Stlth    ++........             h - amulet of reflection
HPRegen  0.22/turn              t - ring of resist corrosion
MPRegen  0.13/turn              M - ring of willpower

@: about to teleport
A: negative energy resistance 1, electricity resistance, unbreathing,
petrification resistance, miasma immunity, AC +8
a: Renounce Religion, Heroism, Finesse


You were on level 11 of the Dungeon.
You worshipped Okawaru.
Okawaru was extremely pleased with you.
You visited 2 branches of the dungeon, and saw 12 of its levels.

You collected 671 gold pieces.

Inventory:

Hand Weapons
 B - a +1 morningstar of draining (weapon)
Missiles
 f - 61 bolts
Armour
 c - a +0 kite shield (worn)
 m - the +1 scale mail of the Mind (worn) {Rampage rF- Int+9 Dex+4}
   (You found it on level 4 of the Dungeon)

   It affects your intelligence (+9).
   It affects your dexterity (+4).
   It makes you vulnerable to fire.
   It bestows one free step when moving towards enemies.
 n - a +0 chain mail
 r - a +0 pair of gloves (worn)
 y - +0 steam dragon scales
 z - the +0 cloak of Shadows and Fog (worn) {rElec rCorr Stlth+}
   (You found it on level 7 of the Dungeon)

   It insulates you from electricity.
   It provides partial protection from all sources of acid and corrosion.
   It makes you more stealthy.
Jewellery
 h - an amulet of reflection (around neck)
 j - an uncursed amulet of regeneration
 t - a ring of resist corrosion (left hand)
 M - a ring of willpower (right hand)
Wands
 p - a wand of digging (5)
 s - a wand of flame (34)
 A - a wand of paralysis (5)
 D - a wand of random effects (18)
 G - a wand of iceblast (14)
 I - a wand of acid (10)
Scrolls
 b - a scroll of fear
 g - 2 scrolls of teleportation
 i - a scroll of blinking
 k - 2 scrolls of enchant armour
 l - 2 scrolls of amnesia
 o - 5 scrolls of remove curse
 u - a scroll of magic mapping
 J - a scroll of enchant weapon
Potions
 d - 7 potions of might
 e - a potion of cancellation
 q - 3 potions of resistance
 v - a potion of berserk rage
 w - 3 potions of brilliance
 x - a potion of heal wounds
 C - a potion of lignification
 H - 3 potions of haste
 K - a potion of curing {unknown}
Miscellaneous
 F - a phantom mirror
 L - a lightning rod (4/4)


   Skills:
 + Level 8.4 Fighting
 + Level 12.3 Maces & Flails
 + Level 7.7 Armour
 + Level 4.8 Dodging
 + Level 2.1 Stealth
 + Level 11.1 Shields
 + Level 2.3 Invocations


You had 11 spell levels left.
You didn't know any spells.
Your spell library contained the following spells:

 Spells                   Type           Power        Failure   Level
 Animate Skeleton         Necr           0%           56%         1
 Apportation              Tloc           0%           56%         1
 Corona                   Hex            0%           56%         1
 Foxfire                  Conj/Fire      0%           56%         1
 Summon Small Mammal      Summ           0%           56%         1
 Conjure Flame            Conj/Fire      0%           91%         3
 Inner Flame              Hex/Fire       0%           91%         3
 Sticky Flame             Conj/Fire      0%           100%        4
 Fireball                 Conj/Fire      0%           100%        5


Dungeon Overview and Level Annotations

Branches:
Dungeon (11/15)            Temple (1/1) D:6            Lair (0/6) D:9
    Orc: D:9-12

Altars:
Ashenzari
Cheibriados
Dithmenos
Elyvilon
Fedhas
Gozag
Hepliaklqana
Kikubaaqudgha
Makhleb
Nemelex Xobeh
Okawaru
Qazlal
Ru
Sif Muna
Trog
Uskayaw
Vehumet
Wu Jian
Xom
Yredelemnul
Zin
The Shining One
Beogh


Innate Abilities, Weirdness & Mutations

You are resistant to torment.
Your stone body is resilient. (AC +8)
You are immune to poison.
You resist negative energy. (rN+)
You are resistant to electric shocks. (rElec)
You can survive without breathing.
You are immune to petrification.
You are immune to miasma.


Message History

The blast of cold hits you!!
You hit the ice dragon. You drain the ice dragon.
The ice dragon is almost dead.
You block the ice dragon's attack. The ice dragon completely misses you.
You block the ice dragon's attack.
You puncture the ice dragon!
You kill the ice dragon!
Okawaru is honoured by your kill.
The ice dragon scales are intact enough to wear.
The cyclops throws a large rock.
You reflect the large rock off an invisible shield around you!
The large rock barely misses the cyclops.
The cyclops throws a large rock.
The large rock hits you!!
* * * LOW HITPOINT WARNING * * *
As you read the scroll of teleportation, it crumbles to dust.
You feel strangely unstable.
The cyclops throws a large rock.
The large rock hits you.
* * * LOW HITPOINT WARNING * * *
The cyclops throws a large rock.
The large rock hits you!!
You die...

#########
#...#...
#...'.
#.[)#
##'##
###...#
#CC...#
#[#...#
#@##'##
####
#.#...#
#...
#.#...'.
##..
#.#...#W.
#... #.#
######
###...
#.#
#.....
#.#######
##....
#.......#
#....
##.>....#
#....


You could see 2 cyclopes.

Vanquished Creatures
  A tengu reaver (D:11)
  An ogre mage (D:11)
  An ice dragon (D:11)
  Harold (D:8)
  A centaur warrior (D:11)
  An unseen horror (D:11)
  2 ugly things (D:11)
  2 cyclopes (D:11)
  Maurice (D:8)
  Joseph (D:8)
  2 gargoyles (D:11)
  Maggie (D:7)
  A hornet (D:11)
  2 wraiths (D:10)
  Grum (D:10)
  3 wargs (D:9)
  2 soldier ants
  An acid dragon (D:11)
  A black bear (shapeshifter) (D:11)
  2 sky beasts
  3 orc warriors
  2 ice beasts
  3 phantoms
  5 black bears
  2 necrophages
  7 ogres
  3 wolves (D:10)
  4 centaurs
  4 bullfrogs
  A gnoll sergeant (D:11)
  A water moccasin skeleton (D:6)
  5 killer bees
  5 wights
  12 howler monkeys
  An electric eel (D:10)
  4 bullfrog zombies
  A centaur zombie (D:5)
  A quasit (D:10)
  A bullfrog skeleton (D:10)
  7 hounds
  3 jellies
  9 orc priests
  3 centaur skeletons
  6 orc wizards
  2 iguanas
  7 worker ants
  3 worker ant zombies
  4 gnolls (D:3)
  18 adders
  A shadow imp (D:7)
  5 white imps
  An ufetubus (D:7)
  An ooze (D:1)
  An adder zombie (D:5)
  An adder skeleton (D:9)
  3 worms
  3 dart slugs
  7 leopard geckos
  43 orcs
  7 giant cockroaches
  10 goblins
  10 hobgoblins
  6 jackals
  A quokka (D:9)
  7 bats
  7 frilled lizards
  6 kobolds
  A quokka skeleton (D:7)
  5 rats
281 creatures vanquished.

Vanquished Creatures (others)
  19 plants
19 creatures vanquished.

Grand Total: 300 creatures vanquished

Notes
Turn   | Place    | Note
-------+----------+-------------------------------------------
     0 | D:1      | Almogavar the Gargoyle Fighter began the quest for the Orb.
     0 | D:1      | Reached XP level 1. HP: 14/14 MP: 1/1
   254 | D:1      | Reached XP level 2. HP: 19/19 MP: 2/2
   613 | D:1      | Reached XP level 3. HP: 23/23 MP: 3/3
  1182 | D:2      | Reached XP level 4. HP: 29/29 MP: 4/4
  1376 | D:2      | Reached skill level 3 in Maces & Flails
  1755 | D:3      | Reached XP level 5. HP: 14/33 MP: 5/5
  2136 | D:3      | Reached XP level 6. HP: 7/38 MP: 6/6
  2500 | D:3      | Reached skill level 4 in Maces & Flails
  2718 | D:3      | Found a blossoming altar of Fedhas.
  2721 | D:3      | Found a broken altar of Ashenzari.
  2728 | D:3      | Found an ornate altar of the Wu Jian Council.
  2999 | D:4      | Found a white marble altar of Elyvilon.
  3115 | D:4      | Reached skill level 1 in Dodging
  3235 | D:4      | Found a roughly hewn altar of Beogh.
  3240 | D:4      | Reached skill level 5 in Shields
  3240 | D:4      | Reached XP level 7. HP: 43/43 MP: 7/7
  3421 | D:4      | Got a heavily runed scale mail
  3562 | D:4      | Identified the cursed +1 scale mail of the Mind {Rampage
                  | rF- Int+9 Dex+4} (You found it on level 4 of the Dungeon)
  3569 | D:5      | Entered Level 5 of the Dungeon
  3570 | D:5      | Found a blossoming altar of Fedhas.
  3574 | D:5      | Reached skill level 5 in Maces & Flails
  4302 | D:5      | Found a shimmering blue altar of Sif Muna.
  4336 | D:5      | Reached skill level 5 in Armour
  4543 | D:5      | Reached XP level 8. HP: 48/48 MP: 8/8
  4686 | D:6      | Found a staircase to the Ecumenical Temple.
  4702 | Temple   | Entered the Ecumenical Temple
  4831 | Temple   | Became a worshipper of Warmaster Okawaru
  5027 | D:6      | Reached skill level 6 in Maces & Flails
  5217 | D:6      | Reached * piety under Okawaru
  5618 | D:6      | Found a bloodstained altar of Trog.
  5955 | D:7      | Noticed Maggie
  5984 | D:7      | Killed Maggie
  5985 | D:7      | Reached skill level 5 in Fighting
  5985 | D:7      | Reached skill level 7 in Maces & Flails
  5985 | D:7      | Reached XP level 9. HP: 54/54 MP: 9/9
  6424 | D:7      | Found a shadowy altar of Dithmenos.
  6688 | D:7      | Reached skill level 8 in Maces & Flails
  6712 | D:7      | Reached ** piety under Okawaru
  6721 | D:7      | Got a jewelled cloak
  6731 | D:7      | Identified the cursed +0 cloak of Shadows and Fog {rElec
                  | rCorr Stlth+} (You found it on level 7 of the Dungeon)
  7094 | D:8      | Noticed Joseph
  7128 | D:8      | Paralysed by Joseph for 2 turns
  7134 | D:8      | Killed Joseph
  7378 | D:8      | Noticed Maurice
  7396 | D:8      | Killed Maurice
  7397 | D:8      | Reached skill level 9 in Maces & Flails
  7404 | D:8      | Noticed Harold
  7425 | D:8      | Killed Harold
  7425 | D:8      | Reached *** piety under Okawaru
  7426 | D:8      | Reached skill level 1 in Invocations
  7426 | D:8      | Reached XP level 10. HP: 45/60 MP: 10/10
  8235 | D:9      | Reached skill level 10 in Maces & Flails
  8293 | D:9      | Found a shimmering altar of Xom.
  8294 | D:9      | Found a hazy altar of Hepliaklqana.
  8295 | D:9      | Noticed a spectral ugly thing
  8725 | D:9      | Reached **** piety under Okawaru
  8904 | D:9      | Found a staircase to the Lair.
  9197 | D:10     | Entered Level 10 of the Dungeon
  9595 | D:10     | Reached XP level 11. HP: 60/66 MP: 11/11
 10047 | D:10     | Noticed Grum
 10067 | D:10     | Killed Grum
 10408 | D:11     | Noticed a cyclops
 10421 | D:11     | Killed a cyclops
 10424 | D:11     | Reached skill level 1 in Stealth
 10545 | D:11     | Reached ***** piety under Okawaru
 10552 | D:11     | Reached skill level 10 in Shields
 10734 | D:11     | Killed an unseen horror
 10735 | D:11     | Reached skill level 11 in Maces & Flails
 10782 | D:11     | Noticed a cyclops
 10787 | D:11     | Killed a cyclops
 10817 | D:11     | Noticed a centaur warrior
 10829 | D:11     | Killed a centaur warrior
 10871 | D:11     | Noticed an ogre mage
 10890 | D:11     | Killed an ogre mage
 10940 | D:11     | Noticed a skeletal warrior
 10940 | D:11     | Noticed a skeletal warrior
 11155 | D:11     | Noticed a green ugly thing
 11173 | D:11     | Killed a green ugly thing
 11309 | D:11     | Reached skill level 12 in Maces & Flails
 11383 | D:11     | Noticed a white ugly thing
 11388 | D:11     | Killed a white ugly thing
 11389 | D:11     | Reached XP level 12. HP: 73/73 MP: 13/13
 11423 | D:11     | Noticed a tengu reaver
 11423 | D:11     | Noticed an ice dragon
 11438 | D:11     | Killed a tengu reaver
 11438 | D:11     | Received a gift from Okawaru
 11448 | D:11     | Killed an ice dragon
 11449 | D:11     | Hit by a large rock thrown by a cyclops

Illustrated notes

Levels and vault maps discovered:
D:1:      eino_arrival_water_cross, layout_loops_cross,
          wander_ebering_terrifying_dragon_lair
D:2:      layout_basic, dk_noncrumbling_4
D:3:      layout_basic, grunt_temple_overflow_diamond, serial_bayou_ford_a
D:4:      layout_loops_ring, elyvilon_altar_4, kennysheep_orc_chapel
D:5:      layout_basic, general_overflow_altar, fedhas_bush_and_centaur_altar
D:6:      layout_gridville, trog_ov_bears_minmay, temple_pool_b
D:7:      minmay_octagon_keep, layout_rooms,
          nicolae_dithmenos_through_a_glass_darkly, uniq_maggie
D:8:      layout_loops_ring, uniq_harold, uniq_maurice, uniq_joseph
D:9:      lemuel_ice_spiral_2, layout_basic, regret_index_temple_of_mockery,
          erik_lair_orcish_takeover, hex_tiny
D:10:     layout_basic, uniq_grum
D:11:     minmay_inner_zag, layout_rooms, minmay_evil_grid
Temple:   eino_narrow_crystal_temple

Skill      XL: |  1  2  3  4  5  6  7  8  9 10 11 12 |
---------------+-------------------------------------+-----
Shields        | 4 5 6 7 8 9 10 11 | 11.1
Maces & Flails | 3 4 5 7 9 10 12 | 12.3
Armour         | 4 5 6 7 |  7.7
Fighting       | 4 5 6 8 |  8.4
Dodging        | 1 2 3 4 |  4.8
Invocations    | 1 2 |  2.3
Stealth        | 1 2 |  2.1

Action                   |  1- 3 |  4- 6 |  7- 9 | 10-12 || total
-------------------------+-------+-------+-------+-------++-------
Melee: Flail             |   143 |   225 |   437 |   422 ||  1227
       Morningstar       |       |       |       |   188 ||   188
Invok: Heroism           |       |       |     5 |     4 ||     9
       Finesse           |       |       |       |     1 ||     1
  Use: Scroll            |       |    10 |     9 |     4 ||    23
 Stab: Sleeping          |       |       |       |     2 ||     2
Armor: Scale mail        |    76 |    87 |   165 |   176 ||   504
Dodge: Dodged            |    37 |    54 |   106 |   183 ||   380
Block: Kite shield       |    77 |   140 |   304 |   486 ||  1007
       Reflection        |       |     1 |    10 |    18 ||    29
